 Dungeon Crawl Stone Soup version 0.30-a0-1160-g6e42c06551 (webtiles) character file.

Game seed: 9431397054179182731

27 Arzdou the Chiller (level 3, 0/25 HPs)
             Began as a Merfolk Ice Elementalist on Apr 26, 2023.
             Slain by a scorpion (5 damage)
             ... on level 2 of the Dungeon.
             The game lasted 00:03:11 (1655 turns).

Arzdou the Chiller (Merfolk Ice Elementalist)       Turns: 1655, Time: 00:03:12

Health: 0/25       AC:  3    Str:  8    XL:     3   Next: 10%
Magic:  2/6        EV: 12    Int: 16    God:
Gold:   55         SH:  0    Dex: 14    Spells: 5/6 levels left

rFire   . . .        k - +0 spear
rCold   . . .        (no shield)
rNeg    . . .        a - +0 robe
rPois   .            (no helmet)
rElec   .            (no cloak)
rCorr   .            l - +0 pair of gloves
SInv    .            (no boots)
Will    .....        (no amulet)
Stlth   ++           (no ring)
HPRegen 0.24/turn    (no ring)
MPRegen 0.10/turn

%: no passive effects
@: lethally poisoned (0 -> -5)
A: (nimble swimmer 2), mertail
a: no special abilities


You were on level 2 of the Dungeon.
You visited 1 branch of the dungeon, and saw 2 of its levels.

You collected 55 gold pieces.

Inventory:

Hand Weapons
 k - a +0 spear (weapon)
Armour
 a - a +0 robe (worn)
 l - a +0 pair of gloves (worn)
Scrolls
 c - 2 scrolls of magic mapping {unknown}
 e - a scroll of teleportation {unknown}
 g - a scroll of vulnerability {unknown}
 h - 3 scrolls of immolation {unknown}
 i - a scroll of blinking {unknown}
Potions
 b - a potion of magic
 d - a potion of heal wounds {unknown}
 f - 2 potions of invisibility {unknown}
 j - a potion of curing {unknown}


   Skills:
 + Level 0.4 Fighting
 * Level 0.1 Polearms
 + Level 2.7 Dodging
 + Level 2.2 Stealth
 + Level 2.3 Spellcasting
 + Level 5.0 Ice Magic


You had 5 spell levels left.
You knew the following spells:

 Your Spells              Type           Power      Damage    Failure   Level
a - Freeze                Ice            72%        1d8       2%          1

Your spell library contained the following spells:

 Spells                   Type           Power      Damage    Failure   Level
 Frozen Ramparts          Ice            36%        1d6       8%          3
 Ozocubu's Armour         Ice            18%        N/A       8%          3
 Dazzling Flash           Conj/Hex       2%         N/A       52%         3
 Volatile Blastmotes      Fire/Tloc      2%         2d10      52%         3
 Summon Ice Beast         Ice/Summ       10%        N/A       56%         4
 Iskenderun's Mystic Bla  Conj/Tloc      1%         2d3       89%         4
 Starburst                Conj/Fire      0%         6d3       100%        6


Dungeon Overview and Level Annotations

Branches:
Dungeon (2/15)

Altars:


Innate Abilities, Weirdness & Mutations

((You are very nimble when in or above water. (Stealth+, EV+, Speed+++)))
Your lower body shifts to a powerful aquatic tail in water.


Message History

HP restored.
There is an open door, spattered with blood here.
Items here: ) †††.
You open the door.
There is an open door here.
There is an open door here.
There is an open door here.
There is an open door here.
A scorpion is nearby!
A rat comes into view.
You see here a +0 sling.
You see here a +0 short sword.
This spell is quite dangerous to cast!
Memorise Ozocubu's Armour, consuming 3 spell levels and leaving 2?
You start memorising the spell.
You continue memorising. x3
The scorpion stings you.
Your memorisation is interrupted.
You freeze the scorpion.
The scorpion is lightly wounded.
The scorpion closely misses you.
You freeze the scorpion.
The scorpion is heavily wounded.
The scorpion stings you!
You freeze the scorpion!
The scorpion is almost dead.
The scorpion barely misses you. The scorpion closely misses you.
You freeze the scorpion.
The scorpion is almost dead.
The scorpion stings you.
You are lethally poisoned!
The scorpion poisons you!
You closely miss the scorpion.
The scorpion is almost dead.
* * * LOW HITPOINT WARNING * * *
You feel very sick.
The scorpion stings you but does no damage.
You barely miss the scorpion.
The scorpion is almost dead.
* * * LOW HITPOINT WARNING * * *
You feel sick. The scorpion stings you.
You die...

#...)...# #.......#
.###.......#
........)..#######
#....###.#........
#.... #.#.#######
#... #.#.# ....
#s#.##############
...
#@#...............
#.################
#.# #.#####
######### #.....#
#........
#####.###########.
#..........(.#.
#..###########.
######..............


You could see a scorpion.

Vanquished Creatures
  2 dart slugs
  A worm (D:2)
  4 ball pythons (D:1)
  A goblin (D:1)
  2 hobgoblins
  7 kobolds
  3 bats
  2 rats
22 creatures vanquished.

Notes
Turn   | Place    | Note
-------+----------+-------------------------------------------
     0 | D:1      | Arzdou the Merfolk Ice Elementalist began the quest for the
                  | Orb.
     0 | D:1      | Reached XP level 1. HP: 13/13 MP: 3/3
   310 | D:1      | Reached XP level 2. HP: 19/19 MP: 1/5
  1393 | D:2      | Noticed a scorpion
  1406 | D:2      | Reached skill level 5 in Ice Magic
  1493 | D:2      | Reached XP level 3. HP: 24/25 MP: 0/6
  1655 | D:2      | Slain by a scorpion

Illustrated notes

Levels and vault maps discovered:
D:1:      dpeg_arrival_rhombus, layout_basic, minmay_cut_off
D:2:      layout_basic, basic_altar

Skill      XL: |  1  2 |
---------------+-------+-----
Ice Magic      | 5 |  5.0
Fighting       | |  0.4
Polearms       | |  0.1
Dodging        | |  2.7
Stealth        | |  2.2
Spellcasting   | |  2.3

Action                     || total
---------------------------++-------
  Melee: Spear             ||    19
         Unarmed           ||     1
   Cast: Freeze            ||    36
   Stab: Sleeping          ||     2
 Armour: Robe              ||     6
  Dodge: Dodged            ||    26

Table legend: (Time is in decaauts)
 A = Elapsed time spent in this place.
 B = Non-inter-level travel time spent in this place.
 C = Inter-level travel time spent in this place.
 D = Time resting spent in this place.
 E = Time spent auto-exploring this place.
 F = Levels seen in this place.
 G = Mean time per level.
                   A        B        C        D        E       F      G
               +--------+--------+--------+--------+--------+-----+--------+
         Total |   1656 |   1532 |    124 |      0 |   1352 |   2 |  828.0 |
       Dungeon |   1656 |   1532 |    124 |      0 |   1352 |   2 |  828.0 |
               +--------+--------+--------+--------+--------+-----+--------+

Top non-repeatable levels by time:
     D:1: 1348 daAuts
     D:2: 307 daAuts
